 Dungeon Crawl Stone Soup version 0.24.1-1-gd1d2a07e1b (webtiles) character file.

Game seed: 17201922959633323479, levelgen mode: deterministic

156 Descartes the Sneak (level 5, 0/25 HPs)
             Began as a Felid Monk on Apr 10, 2020.
             Slain by a gnoll
             ... wielding a +0 spear
              (7 damage)
             ... on level 3 of the Dungeon.
             The game lasted 00:07:52 (3884 turns).

Descartes the Sneak (Felid Monk)                    Turns: 3884, Time: 00:07:52

Health: 0/25       AC:  1    Str:  8    XL:     5   Next: 15%
Magic:  4/6        EV: 21    Int: 12    God:
Gold:   200        SH:  0    Dex: 18    Spells: 3/4 levels left
                                        Lives:  0   Deaths: 1

rFire    + . .     SeeInvis +     - Unarmed
rCold    . . .     Gourm    .   (shield unavailable)
rNeg     . . .     Faith    .   (armour unavailable)
rPois    .         Spirit   .   (helmet unavailable)
rElec    .         Reflect  .   (cloak unavailable)
rCorr    .         Harm     .   (gloves unavailable)
MR       .....                  (boots unavailable)
Stlth    ++++......             (no amulet)
HPRegen  0.08/turn              b - ring of protection from fire
MPRegen  0.10/turn              o - ring of wizardry

@: quick
A: very small, no armour, no weapons or thrown items, stealth, claws 1, fangs 3,
see invisible, carnivore, speed 1, shaggy fur 1, slow metabolism 1, sharp paws
a: no special abilities


You were on level 3 of the Dungeon.
You were completely stuffed.

You visited 1 branch of the dungeon, and saw 3 of its levels.

You collected 200 gold pieces.

Inventory:

Jewellery
 b - a ring of protection from fire (left paw)
 o - a ring of wizardry (right paw)
 p - an uncursed ring of wizardry
Scrolls
 c - a scroll of immolation {unknown}
 d - 2 scrolls of remove curse {unknown}
 g - a scroll of identify {unknown}
 i - 3 scrolls of magic mapping {unknown}
 m - a scroll of enchant weapon {unknown}
Potions
 e - a potion of lignification {unknown}
 f - a potion of berserk rage {unknown}
 h - 4 potions of curing {unknown}
 j - a potion of degeneration {unknown}
 l - a potion of invisibility {unknown}
 n - a potion of mutation {unknown}
Comestibles
 a - 3 rations
 k - a chunk of flesh


   Skills:
 + Level 3.8 Fighting
 + Level 5.2 Dodging
 * Level 5.8 Stealth
 + Level 3.8 Unarmed Combat


You had 3 spell levels left.
You knew the following spells:

 Your Spells              Type           Power        Failure   Level  Hunger
a - Shock                 Conj/Air       #...         13%         1    ##.....

Your spell library contained the following spells:

 Spells                   Type           Power        Failure   Level  Hunger
 Swiftness                Chrm/Air       #.......     21%         2    ###....
 Static Discharge         Conj/Air       #.......     36%         3    ####...
 Airstrike                Air            #.........   75%         4    #####..
 Lightning Bolt           Conj/Air       #.........   97%         5    ######.


Dungeon Overview and Level Annotations

Branches:
Dungeon (3/15)

Altars:
Gozag
Kikubaaqudgha
Okawaru


Innate Abilities, Weirdness & Mutations

You cannot wear armour.
You are incapable of wielding weapons or throwing items.
Your paws allow you to move quietly. (Stealth)
You have sharp claws.
You have razor-sharp teeth.
You have supernaturally acute eyesight. (SInv)
You are carnivorous and can eat meat at any time.
You cover ground quickly.
You are covered in fur. (AC +1)
You have a slow metabolism.
Your sharp claws are effective at attacking unaware monsters.


Message History

Press: ? - help, Shift-Dir - straight line, f - gnoll
Aim: a gnoll, wielding a +0 spear The zap hits the gnoll but does no damage.
The zap hits the gnoll.
The gnoll is moderately wounded.
Casting: Shock (safe; 13% risk of failure)
Confirm with . or Enter, or press ? or * to list all spells.
Aiming: Shock (safe; 13% risk of failure)
Press: ? - help, Shift-Dir - straight line, f/p - gnoll
Aim: a gnoll, wielding a +0 spear The zap hits the gnoll.
The gnoll is moderately wounded.
The zap hits the gnoll.
The gnoll is heavily wounded.
The gnoll hits you from afar with a +0 spear!
* * * LOW HITPOINT WARNING * * *
The gnoll misses you.
There is a stone staircase leading up here.
The gnoll hits you from afar with a +0 spear!
You die...

.......).....................#
#....#.####.##..........####.#
#.......##...#########.## #)#
#......##.....## #.# #.####
#......#.......### #.# #.....
#.........._.....#####.#####..###
#......#.......#.g.g...g......#
.......##.....##.#####..#####.#
#.......##...###@# ##.# #)#
#######.###.## #.# #.# #>#
#.##..####.# ##.#####.#
#######.##.#...#[#####........#
........##.#............#######
#######........#.......##
##################


You could see a gnoll.

Vanquished Creatures
  5 gnolls (D:3)
  5 adders
  2 oozes
  5 worms
  4 dart slugs
  3 leopard geckos
  3 ball pythons
  7 giant cockroaches
  12 goblins
  12 hobgoblins
  3 jackals (D:1)
  2 quokkas
  4 bats
  5 frilled lizards
  8 kobolds
  6 rats
86 creatures vanquished.

Notes
Turn   | Place    | Note
-------+----------+-------------------------------------------
     0 | D:1      | Descartes the Felid Monk began the quest for the Orb.
     0 | D:1      | Reached XP level 1. HP: 10/10 MP: 2/2
   204 | D:1      | Reached XP level 2. HP: 14/14 MP: 3/3
   597 | D:1      | Reached XP level 3. HP: 7/17 MP: 4/4
  2075 | D:2      | Reached XP level 4. HP: 15/21 MP: 5/5
  2279 | D:2      | Learned a level 1 spell: Shock
  2744 | D:3      | Slain by a rat
  2745 | D:3      | Reached XP level 3. HP: 0/17 MP: 4/4
  2749 | D:3      | Reached skill level 5 in Stealth
  2777 | D:3      | Found an ancient bone altar of Kikubaaqudgha.
  2837 | D:3      | Reached XP level 4. HP: 21/21 MP: 5/5
  3002 | D:3      | Reached skill level 5 in Dodging
  3357 | D:3      | Found an iron altar of Okawaru.
  3521 | D:3      | Found an opulent altar of Gozag.
  3543 | D:3      | Reached XP level 5. HP: 20/25 MP: 3/6
  3884 | D:3      | Slain by a gnoll

Levels and vault maps discovered:
D:1:      lightli_arrival_flooded_house, layout_loops_ring, st_stairs_3,
          lemuel_flame_loot_1
D:2:      layout_basic
D:3:      layout_loops_ring, nicolae_gozag_seed_capital, lemuel_round_altar,
          moated_statue, serial_bayou_pond_c, okawaru_metal_pillars_3

Skill      XL: |  1  2  3  4 |
---------------+-------------+-----
Stealth        | 3 5 |  5.8
Dodging        | 5 |  5.2
Fighting       | |  3.8
Unarmed Combat | |  3.8

Action                   |  1- 3 |  4- 6 || total
-------------------------+-------+-------++-------
Melee: Unarmed           |   131 |   105 ||   236
       Bite              |    11 |     8 ||    19
       Punch             |     2 |     1 ||     3
 Cast: Shock             |       |     4 ||     4
 Stab: Sleeping          |    13 |    12 ||    25
  Eat: Chunk             |    12 |     7 ||    19
Armor: Skin              |     2 |       ||     2
Dodge: Dodged            |   111 |    72 ||   183
